 Dungeon Crawl Stone Soup version 0.21.1-1-g345015f (webtiles) character file.

1752 Opti87 the Thaumaturge (level 8, -21/41 HPs)
             Began as a Deep Elf Fire Elementalist on May 29, 2018.
             Killed from afar by a killer bee (38 damage)
             ... with an exploding inner flame
             ... hexed by the player character
             ... on level 7 of the Dungeon.
             The game lasted 00:43:36 (9540 turns).

Opti87 the Thaumaturge (Deep Elf Fire Elementalist) Turns: 9540, Time: 00:43:37

Health: -21/41     AC:  2    Str:  3    XL:     8   Next: 78%
Magic:  8/22       EV: 19    Int: 23    God:    Xom [....*.]
Gold:   273        SH:  0    Dex: 15    Spells: 10/23 levels left

rFire    . . .     SeeInvis .   d - +1 short sword
rCold    . . .     Gourm    .   (no shield)
rNeg     + . .     Faith    .   a - +0 robe
rPois    +         Spirit   .   (no helmet)
rElec    .         Reflect  .   (no cloak)
rCorr    .         Harm     .   (no gloves)
MR       +....     Clarity  +   (no boots)
Stlth    ++........             s - amulet of magic regeneration
HPRegen  0.13/turn              j - ring of wizardry
MPRegen  0.43/turn              p - ring of positive energy

@: lethally poisoned (-21 -> -24)
A: fangs 1, repulsion field 1, clarity, magic resistance 1, poison resistance,
weak 1
a: Renounce Religion


You were on level 7 of the Dungeon.
You worshipped Xom.
You were a beloved toy of Xom.
You were not hungry.

You visited 1 branch of the dungeon, and saw 7 of its levels.

You collected 273 gold pieces.

Inventory:

Hand Weapons
 d - a +1 short sword (weapon)
Missiles
 f - 45 stones (quivered)
Armour
 a - a +0 robe (worn)
 k - a +0 shield
Jewellery
 e - a cursed -4 ring of slaying {unknown}
 j - a ring of wizardry (left hand)
 n - an uncursed ring of fire {unknown}
 p - a ring of positive energy (right hand)
 s - an amulet of magic regeneration (around neck)
Wands
 l - a wand of disintegration (14)
 o - a wand of acid (10)
Scrolls
 g - 5 scrolls of teleportation
 i - a scroll of enchant weapon
 m - a scroll of magic mapping
 q - a scroll of fog {unknown}
 r - a scroll of noise
Potions
 h - a potion of curing {unknown}
 t - a potion of resistance {unknown}
Books
 b - a book of Flames

   Spells                             Type                      Level
   a - Flame Tongue                   Conjuration/Fire             1
   b - Throw Flame                    Conjuration/Fire             2
   c - Conjure Flame                  Conjuration/Fire             3
   d - Inner Flame                    Hexes/Fire                   3
   e - Sticky Flame                   Conjuration/Fire             4
   f - Fireball                       Conjuration/Fire             5
Comestibles
 c - 2 rations


   Skills:
 + Level 7.2 Dodging
 - Level 2.4 Stealth
 + Level 8.0 Spellcasting
 + Level 6.1 Conjurations
 + Level 7.0 Fire Magic


You had 10 spell levels left.
You knew the following spells:

 Your Spells              Type           Power        Failure   Level  Hunger
a - Flame Tongue          Conj/Fire      #####        1%          1    None
b - Conjure Flame         Conj/Fire      #####...     1%          3    None
c - Inner Flame           Hex/Fire       ####....     1%          3    None
d - Throw Flame           Conj/Fire      #####.       1%          2    None
e - Sticky Flame          Conj/Fire      #####...     1%          4    ###....


Dungeon Overview and Level Annotations

Branches:
Dungeon (7/15)
 Temple: D:4-7

Altars:
Cheibriados
Dithmenos
Fedhas
Qazlal
Uskayaw
Xom


Innate Abilities, Weirdness & Mutations

You have very sharp teeth.
You are surrounded by a mild repulsion field. (EV +2)
You possess an exceptional clarity of mind.
You are resistant to hostile enchantments. (MR+)
Your system is resistant to poisons. (rPois)
You are weak. (Str -2)


Message History

The killer bee burns!
Casting: Sticky Flame
Confirm with . or Enter, or press ? or * to list all spells.
Aiming: Throw Flame
Press: ? - help, Shift-Dir - straight line, f/p - killer bee
Aim: a killer bee (heavily wounded, softly glowing, covered in liquid flames, inner flame)
The puff of flame hits the killer bee.
The killer bee is almost dead.
You feel sick. "Just a minor improvement..."
The killer bee burns!
The killer bee explodes!
The fiery explosion engulfs the killer bee.
You kill the killer bee!
Your Spellcasting skill increases to level 8!
Your Fire Magic skill increases to level 7!
The fiery explosion engulfs you!
Ouch! That really hurt!
You die...
Xom thinks this is hilarious!

#### #...## ......
##. ......# #...
....... ##..#
....... ###...#
..._..§##.....####
......§.@........###
......##y...........
.....
##............. ....
#............. ...
#.._.......... ..
#.............. .
##...............
#................
#.................


You could see a killer bee.

Vanquished Creatures
  Pikel (D:5)
  A slave (D:5)
  An ice beast (D:5)
  An orc warrior (D:6)
  A sky beast (D:5)
  2 ogres
  A bullfrog (D:7)
  2 scorpions (D:5)
  2 killer bees (D:7)
  2 centaur zombies (D:6)
  2 hounds
  2 orc priests
  A bullfrog skeleton (D:4)
  A jelly (D:5)
  2 orc wizards
  2 iguanas
  4 worker ants
  5 adders
  An adder zombie (D:5)
  2 worms (D:2)
  A dart slug (D:1)
  2 leopard geckos
  12 orcs
  4 giant cockroaches
  4 goblins (D:1)
  12 hobgoblins
  6 jackals
  6 kobolds
  2 quokkas
  A ball python (D:3)
  9 bats
  4 frilled lizards
  11 rats
110 creatures vanquished.

Vanquished Creatures (collateral kills)
  An adder (D:2)
1 creature vanquished.

Vanquished Creatures (others)
  A hound (D:6)
  An adder (D:2)
2 creatures vanquished.

Grand Total: 113 creatures vanquished

Notes
Turn   | Place    | Note
-------+----------+-------------------------------------------
     0 | D:1      | Opti87 the Deep Elf Fire Elementalist began the quest for the Orb.
     0 | D:1      | Reached XP level 1. HP: 10/10 MP: 6/6
   383 | D:1      | Reached XP level 2. HP: 15/15 MP: 6/8
   844 | D:1      | Found a hide-covered altar of Uskayaw.
   846 | D:1      | Found a glowing golden altar of the Shining One.
   846 | D:1      | Found a snail-covered altar of Cheibriados.
   848 | D:1      | Found a glowing silver altar of Zin.
   848 | D:1      | Found a hide-covered altar of Uskayaw.
   848 | D:1      | Found a shimmering altar of Xom.
   949 | D:1      | Became a worshipper of Xom the Unpredictable
  1383 | D:1      | XOM: mild Ice miscast
  1677 | D:2      | Reached XP level 3. HP: 19/19 MP: 6/10
  1716 | D:1      | XOM: harmless Fire miscast
  1835 | D:1      | Learned a level 2 spell: Throw Flame
  1836 | D:2      | XOM: butterfly on damage
  1847 | D:2      | XOM: summons 1 hostile shadow creature
  2155 | D:2      | XOM: mild Air miscast
  2566 | D:2      | XOM: harmless Tmut miscast
  2703 | D:2      | XOM: summons 3 friendly demons
  2709 | D:2      | Reached XP level 4. HP: 6/24 MP: 2/11
  2746 | D:2      | Found a shadowy altar of Dithmenos.
  2913 | D:3      | Learned a level 3 spell: Conjure Flame
  2917 | D:3      | Learned a level 3 spell: Inner Flame
  3022 | D:3      | Reached skill level 4 in Spellcasting
  3057 | D:3      | Learned a level 2 spell: Throw Flame
  3221 | D:3      | Noticed an ogre
  3222 | D:3      | XOM: potion effect (invisibility)
  3318 | D:3      | Killed an ogre
  3318 | D:3      | Reached XP level 5. HP: 28/28 MP: 8/13
  3471 | D:3      | Found a hide-covered altar of Uskayaw.
  3637 | D:3      | XOM: noise
  4289 | D:3      | XOM: 8-stop teleportation journey
  4437 | D:3      | XOM: give mutations
  4437 | D:3      | Gained mutation: You are surrounded by a mild repulsion field. (EV +2) [Xom's grace]
  4437 | D:3      | Gained mutation: Your mind is acute. (Int +2) [Xom's grace]
  4437 | D:3      | Gained mutation: You are partially covered in molten scales. (AC +2) [Xom's grace]
  4437 | D:3      | Gained mutation: You can translocate small distances at will. [Xom's grace]
  4578 | D:4      | Reached XP level 6. HP: 29/32 MP: 4/15
  4714 | D:4      | XOM: scenery: create altars
  4866 | D:4      | XOM: butterfly on damage
  4867 | D:4      | XOM: polymorph butterfly -> river rat
  5001 | D:3      | XOM: give mutations
  5001 | D:3      | Gained mutation: Your system is resistant to poisons. (rPois) [Xom's grace]
  5001 | D:3      | Gained mutation: You have a pair of small horns on your head. [Xom's grace]
  5001 | D:3      | Gained mutation: You are resistant to hostile enchantments. (MR+) [Xom's grace]
  5001 | D:3      | Gained mutation: Your mind is very acute. (Int +4) [Xom's grace]
  5212 | D:4      | Reached skill level 5 in Spellcasting
  5533 | D:4      | XOM: give mutations
  5533 | D:4      | Lost mutation: Your mind is very acute. (Int +4) [Xom's mischief]
  5533 | D:4      | Gained mutation: You have very sharp teeth. [Xom's mischief]
  5533 | D:4      | Lost mutation: You have a pair of small horns on your head. [Xom's mischief]
  5533 | D:4      | Gained mutation: Your body sometimes deteriorates upon taking damage. [Xom's mischief]
  5535 | D:4      | XOM: harmless Summ miscast
  5652 | D:4      | XOM: swap monsters
  5936 | D:5      | Entered Level 5 of the Dungeon
  6053 | D:5      | Noticed a sky beast
  6226 | D:5      | XOM: give mutation
  6226 | D:5      | Lost mutation: You can translocate small distances at will. [Xom's mischief]
  6404 | D:5      | Learned a level 4 spell: Sticky Flame
  6437 | D:5      | Found a sand-covered staircase.
  6494 | D:5      | Reached skill level 5 in Fire Magic
  6690 | D:5      | Killed a sky beast
  6690 | D:5      | Reached skill level 5 in Dodging
  6690 | D:5      | Reached XP level 7. HP: 26/36 MP: 10/17
  6822 | D:5      | Found a blossoming altar of Fedhas.
  6963 | D:5      | XOM: medium Summ miscast
  6964 | D:5      | Noticed a spatial vortex
  6964 | D:5      | Noticed a spatial vortex
  6964 | D:5      | Noticed a spatial vortex
  7000 | D:6      | Noticed Pikel
  7003 | D:5      | XOM: summons friendly iron imp
  7009 | D:5      | XOM: butterfly on damage
  7177 | D:5      | XOM: give mutations
  7177 | D:5      | Lost mutation: Your body sometimes deteriorates upon taking damage. [Xom's mischief]
  7177 | D:5      | Lost mutation: You are partially covered in molten scales. (AC +2) [Xom's mischief]
  7177 | D:5      | Lost mutation: Your mind is acute. (Int +2) [Xom's mischief]
  7249 | D:5      | XOM: draining
  7277 | D:5      | Reached skill level 6 in Spellcasting
  7794 | D:5      | XOM: noise
  8004 | D:5      | Found a stormy altar of Qazlal.
  8148 | D:5      | Killed Pikel
  8148 | D:5      | Reached skill level 7 in Spellcasting
  8148 | D:5      | Reached skill level 5 in Conjurations
  8148 | D:5      | Reached XP level 8. HP: 9/41 MP: 12/20
  8318 | D:5      | XOM is BORED!
  8318 | D:5      | XOM: give mutations
  8318 | D:5      | Gained mutation: Scrolls take you a little longer to read. [Xom's mischief]
  8318 | D:5      | Lost mutation: Scrolls take you a little longer to read. [Xom's mischief]
  8318 | D:5      | Gained mutation: You possess an exceptional clarity of mind. [Xom's mischief]
  8318 | D:5      | Gained mutation: You are weak. (Str -2) [Xom's mischief]
  8383 | D:5      | XOM: god gift: 2 needles of frenzy
  8469 | D:6      | XOM: scenery: 2 doors close
  9049 | D:6      | XOM: cloud trail
  9170 | D:6      | XOM: potion effect (curing)
  9467 | D:7      | XOM: god gift: 54 gold pieces
  9538 | D:7      | XOM: fake destruction
  9540 | D:7      | XOM: scenery: create altars
  9540 | D:7      | Reached skill level 8 in Spellcasting
  9540 | D:7      | Killed from afar by a killer bee

Skill      XL: |  1  2  3  4  5  6  7  8 |
---------------+-------------------------+-----
Dodging        | 3 4 5 6 7 |  7.2
Conjurations   | 2 3 4 5 6 |  6.1
Fire Magic     | 4 5 6 7 |  7.0
Spellcasting   | 4 5 7 8 |  8.0
Stealth        | |  2.4

Action                   |  1- 3 |  4- 6 |  7- 9 || total
-------------------------+-------+-------+-------++-------
Melee: Short sword       |     2 |    19 |     7 ||    28
 Cast: Flame Tongue      |    75 |    33 |    57 ||   165
       Throw Flame       |     8 |    59 |    39 ||   106
       Conjure Flame     |       |     6 |       ||     6
       Sticky Flame      |       |     1 |     6 ||     7
       Inner Flame       |       |       |     2 ||     2
 Abil: Blink             |       |     3 |       ||     3
Evoke: Wand              |       |     2 |     1 ||     3
  Use: Scroll            |     5 |     5 |     3 ||    13
       Potion            |       |     2 |       ||     2
  Eat: Chunk             |     2 |     2 |     3 ||     7
       Ration            |     1 |     3 |     2 ||     6
Armor: Robe              |     9 |     7 |     3 ||    19
Dodge: Dodged            |    44 |    26 |    60 ||   130
